 Dungeon Crawl Stone Soup version 0.28-a0-447-g1f95980246 (webtiles) character file.

Game seed: 11397127945144628825

9 spiderkeys the Shield-Bearer (level 2, 0/21 HPs)
             Began as an Octopode Fighter on Sept 13, 2021.
             Succumbed to Jessica's poison
             ... on level 2 of the Dungeon.
             The game lasted 00:00:31 (878 turns).

spiderkeys the Shield-Bearer (Octopode Fighter)      Turns: 878, Time: 00:00:31

Health: 0/21       AC:  1    Str: 15    XL:     2   Next: 16%
Magic:  2/2        EV: 13    Int: 10    God:
Gold:   30         SH:  4    Dex: 11    Spells: 1/1 levels left

rFire   . . .      SeeInvis .     - Unarmed
rCold   . . .      Faith    .   a - +0 buckler
rNeg    . . .      Spirit   .   (helmet restricted)
rPois   .          Reflect  .   (no amulet)
rElec   .          Harm     .   (no ring)
rCorr   .          Rampage  .   (no ring)
Will    .....                   (no ring)
Stlth   ++........              (no ring)
HPRegen 0.07/turn               (no ring)
MPRegen 0.08/turn               (no ring)
                                (no ring)
                                (no ring)

@: lethally poisoned (0 -> -12), slowed, very slow
A: almost no armour, amphibious, 8 rings, camouflage 1, gelatinous body 1,
(nimble swimmer 1), tentacles
a: no special abilities


You were on level 2 of the Dungeon.
You visited 1 branch of the dungeon, and saw 2 of its levels.

You collected 30 gold pieces.


Innate Abilities, Weirdness & Mutations

You cannot wear most types of armour.
You are amphibious.
You can wear up to eight rings at the same time.
Your skin changes colour to match your surroundings (Stealth+).
Your rubbery body absorbs attacks. (AC +1, EV +1)
((You are camouflaged near water. (Stealth+)))
You have tentacles for arms and can constrict up to eight enemies at once.


   Skills:
 + Level 3.1 Fighting
 + Level 3.1 Dodging
 + Level 3.1 Shields
 + Level 2.2 Unarmed Combat


You had one spell level left.
You didn't know any spells.
Your spell library was empty.

Inventory:

Missiles
 c - 22 arrows
Armour
 a - a +0 buckler (worn)
Potions
 b - a potion of might
 d - a potion of haste {unknown}

Dungeon Overview and Level Annotations

Branches:
Dungeon (2/15)

Altars:

Annotations:
D:2 Jessica

#....≈###≈≈≈≈#
#..≈≈≈≈≈≈≈≈
#..≈≈≈≈≈≈≈≈
#.≈###≈≈≈≈#
#.#...#≈≈#.
#r#.⌠.# .#
##.#...# #
#...###....
#..@@......
#.#####.... #.
## .. ###


You could see Jessica and a rat.


Message History

Your grab misses the bat. Your squeeze misses the bat.
The bat closely misses you. 😎 HP[+1]
Your hp is fully restored (16).
The bat hits you. 😕 HP[-1]
You take 1 damage, and now have 15/16 hp.
You closely miss the bat. You grab the bat. You constrict the bat.
The bat hits you.
The bat escapes! 😕 HP[-1]
You take 1 damage, and now have 14/16 hp.
You tentacle-slap the bat.
You kill the bat!
The rat barely misses you.
You tentacle-slap the rat.
You kill the rat!
No target in view!
No target in view!
e - a scroll labelled OCOEFI OSYOG 😎 HP[+2]
Your hp is fully restored (16).
You now have 30 gold pieces (gained 12).
A bat comes into view.
As you read the scroll labelled OCOEFI OSYOG, it crumbles to dust.
Magic quickly surges around you.
It was a scroll of vulnerability.
The bat hits you. 😕 HP[-1]
You take 1 damage, and now have 15/16 hp.
You closely miss the bat. You grab the bat. You constrict the bat.
The bat closely misses you. The bat hits you but does no damage.
The bat struggles to escape constriction.
You tentacle-slap the bat. You constrict the bat.
You kill the bat!
You have reached level 2! 😕 HP[+4] MP[+1]
You now have 21 max hp (+5).
You regained 4 hp, and now have 19/21 hp.
Your mp is fully restored (2).
You open the door.
There is an open door here.
A ball python comes into view. 😎 HP[+2]
Your hp is fully restored (21).
A ball python is nearby!
A ball python is nearby!
A ball python is nearby!
The helpless ball python fails to defend itself.
You tentacle-slap the ball python. You grab the ball python.
You squeeze the ball python.
You kill the ball python!
No target in view!
No target in view!
You see here a ball python corpse.
You feel your willpower return.
Done exploring.
Done exploring.
Done exploring.
No target in view!
You see here a ball python corpse.
There is an open door here.
There is an open door here.
There is an escape hatch in the floor here.
You slide downwards.
The hatch slams shut behind you.
The ball python hisses angrily.
The ball python barely misses you. The ball python grabs you.
The ball python constricts you. 😕 HP[-1]
You take 1 damage, and now have 20/21 hp.
You closely miss the ball python. You grab the ball python.
You constrict the ball python. The ball python bites you.
The ball python constricts you. 😕 HP[-4]
You take 4 damage, and now have 16/21 hp.
You tentacle-slap the ball python.
You kill the ball python!
No target in view!
No target in view!
Jessica shouts!
Jessica mumbles some strange words.
Jessica blinks!
Jessica casts a spell at you.
You feel yourself slow down.
Jessica hits you with a +2 dagger of venom!
* * * LOW HITPOINT WARNING * * *
You are lethally poisoned! 😨 HP[-8]
You take 8 damage, and now have 8/21 hp.
MASSIVE DAMAGE!! (PAUSE)
You tentacle-slap Jessica but do no damage.
You grab Jessica. You constrict Jessica.
* * * LOW HITPOINT WARNING * * *
You feel very sick. Jessica barely misses you. 😱 HP[-6]
You take 6 damage, and now have 2/21 hp.
MASSIVE DAMAGE!! (PAUSE)
You tentacle-slap Jessica but do no damage.
You constrict Jessica.
You die...

Action                   || total
-------------------------++-------
Melee: Unarmed           ||    23
       Constrict         ||     6
       Punch             ||     1
       Tentacles         ||     1
  Use: Scroll            ||     2
 Stab: Sleeping          ||     2
Armor: Skin              ||     4
Dodge: Dodged            ||    12
Block: Buckler           ||     3

Levels and vault maps discovered:
D:1:      saegor_arrival_miasma, layout_basic
D:2:      layout_basic, hellmonk_ecumenical_altar_heavens_door, fountainhead,
          uniq_jessica

Notes
Turn   | Place    | Note
-------+----------+-------------------------------------------
     0 | D:1      | spiderkeys the Octopode Fighter began the quest for the
                  | Orb.
     0 | D:1      | Reached XP level 1. HP: 16/16 MP: 1/1
     0 | D:1      | magus.rc [v1.9.10]
   764 | D:1      | Reached XP level 2. HP: 19/21 MP: 2/2
   866 | D:2      | Noticed Jessica
   877 | D:2      | HP: 2/21 [poisoned by Jessica]
   878 | D:2      | Succumbed to Jessica's poison

Vanquished Creatures
  2 ball pythons
  3 bats (D:1)
  An endoplasm (D:1)
  A frilled lizard (D:1)
  A kobold (D:1)
  2 rats (D:1)
10 creatures vanquished.

Table legend:
 A = Non-vault XP
 B = Vault XP
 C = Vault XP percentage of total XP
 D = Non-vault monster count
 E = Vault monster count
 F = Vault count percentage of total count
                 A         B        C        D         E       F
            +---------+---------+-------+---------+---------+-------
      Total |      14 |       0 |   0.0 |      10 |       0 |   0.0
            +---------+---------+-------+---------+---------+-------
        D:1 |      13 |       0 |   0.0 |       9 |       0 |   0.0
        D:2 |       1 |       0 |   0.0 |       1 |       0 |   0.0
            +---------+---------+-------+---------+---------+-------

Illustrated notes

Table legend:
 A = Kills in this place as a percentage of kills in entire the game.
 B = Kills by you in this place as a percentage of kills by you in the entire game.
 C = Kills by friends in this place as a percentage of kills by friends in the entire game.
 D = Other kills in this place as a percentage of other kills in the entire game.
 E = Experience gained in this place as a percentage of experience gained in the entire game.
 F = Experience gained in this place divided by the number of levels of this place that you have seen.
                   A       B       C       D       E      F
               +-------+-------+-------+-------+-------+----------------------
         Total | 100.0 | 100.0 |   N/A |   N/A | 100.0 |   7.0
       Dungeon | 100.0 | 100.0 |   N/A |   N/A | 100.0 |   7.0
               +-------+-------+-------+-------+-------+----------------------

Table legend: (Time is in decaauts)
 A = Elapsed time spent in this place.
 B = Non-inter-level travel time spent in this place.
 C = Inter-level travel time spent in this place.
 D = Time resting spent in this place.
 E = Time spent auto-exploring this place.
 F = Levels seen in this place.
 G = Mean time per level.
                   A        B        C        D        E       F      G
               +--------+--------+--------+--------+--------+-----+--------+
         Total |    878 |    815 |     63 |      0 |    732 |   2 |  439.0 |
       Dungeon |    878 |    815 |     63 |      0 |    732 |   2 |  439.0 |
               +--------+--------+--------+--------+--------+-----+--------+

Top non-repeatable levels by time:
     D:1: 865 daAuts
     D:2: 12 daAuts
